 Dungeon Crawl Stone Soup version 0.26-a0-466-g989023bd0d (webtiles) character file.

Game seed: 1458600265435937050

333 1player the Skirmisher (level 6, 0/51 HPs)
             Began as a Formicid Abyssal Knight on Aug 5, 2020.
             Was a Believer of Lugonu.
             Slain by Edmund
             ... wielding a +2 flail of protection
              (5 damage)
             ... on level 3 of the Dungeon.
             The game lasted 00:12:50 (4775 turns).

1player the Skirmisher (Formicid Abyssal Knight)    Turns: 4775, Time: 00:12:50

Health: 0/51       AC:  7    Str: 19    XL:     6   Next: 82%
Magic:  8/8        EV: 11    Int: 11    God:    Lugonu [**....]
Gold:   198        SH:  0    Dex: 10    Spells: 5/5 levels left

rFire    . . .     SeeInvis +   k - +1 hand axe (venom)
rCold    . . .     Faith    .   (no shield)
rNeg     . . .     Spirit   .   j - +0 ring mail
rPois    .         Reflect  .   (helmet unavailable)
rElec    .         Harm     .   (no cloak)
rCorr    .                      f - +1 pair of gloves
MR       .....                  (no boots)
Stlth    ..........             (no amulet)
HPRegen  0.17/turn              (no ring)
MPRegen  0.11/turn              (no ring)

@: no status effects
A: permanent stasis, dig shafts and tunnels, four strong arms, antennae 3
a: Dig, Shaft Self, Depart the Abyss, Bend Space, Renounce Religion


You were on level 3 of the Dungeon.
You worshipped Lugonu.
Lugonu was pleased with you.
You visited 1 branch of the dungeon, and saw 4 of its levels.
You visited the Abyss 1 time.

You collected 198 gold pieces.

Inventory:

Hand Weapons
 a - a +1 mace
 k - a +1 hand axe of venom (weapon)
Missiles
 q - 4 datura-tipped darts (quivered)
Armour
 f - a +1 pair of gloves (worn)
 j - a +0 ring mail (worn)
Scrolls
 c - a scroll of amnesia {unknown}
 g - 2 scrolls of remove curse {@r2}
 h - a scroll of enchant weapon {unknown}
 i - a scroll of fear {unknown}
 l - a scroll of enchant armour
 o - a scroll of teleportation {unknown}
 r - a scroll of fog {unknown}
Potions
 d - a potion of mutation {unknown}
 e - 3 potions of flight {unknown}
 m - a potion of stabbing {unknown}
 n - a potion of ambrosia {unknown}
 p - a potion of curing {unknown}


   Skills:
 + Level 5.0 Fighting
 - Level 4.1 Maces & Flails
 + Level 3.4 Armour
 - Level 1.6 Dodging
 + Level 3.5 Invocations


You had 5 spell levels left.
You didn't know any spells.
Your spell library was empty.

Dungeon Overview and Level Annotations

Branches:
Dungeon (4/15)
 Temple: D:4-7

Altars:
Okawaru

Annotations:
D:3 Edmund


Innate Abilities, Weirdness & Mutations

You cannot be hasted, slowed, berserked, paralysed or teleported.
You can dig through walls and to a lower floor.
Your four strong arms can wield two-handed weapons with a shield.
You have a pair of large antennae on your head. (SInv)


Message History

a stone; a +0 dagger You see here a datura-tipped dart.
Edmund hits you with a +2 flail of protection.
* * * LOW HITPOINT WARNING * * *
You see here a stone.
Edmund hits you with a +2 flail of protection!
* * * LOW HITPOINT WARNING * * *
Edmund hits you but does no damage. Edmund barely misses you.
Edmund shouts!
Edmund shouts!
Edmund hits you with a +2 flail of protection.
* * * LOW HITPOINT WARNING * * *
Things that are here:
a stone; a +0 dagger You see here a datura-tipped dart.
Edmund shouts!
You see here a stone.
Edmund hits you with a +2 flail of protection.
You die...

#.# ######.#...##.# #.#
#....#.#.#.##.#
#.######.##.#.#.#..#.############
#.........#.#.#.##.#.#...........
########..#.#.#...)#.#.##########
#....#..#.#...##.#.#.#######
#.##.####.#...##.#.#.......#
#.##.# #.##.###.#.#######.#
###.##.# #...(@@....# #.#
....##.# ###(#####..#### #.#
######†# #...........# #.#
.......# ########.##.# #.####
.####### #>...# #..... .# ######
###### .# .# ########


You could see the neutral Edmund (fast, strong, insane).

Vanquished Creatures
  An orc priest (D:3)
  A bullfrog skeleton (D:4)
  3 orc wizards (D:3)
  A worker ant (D:4)
  A hound skeleton (D:4)
  Robin (D:3)
  6 adders
  An adder skeleton (D:4)
  A worm (D:3)
  A dart slug (D:1)
  4 leopard geckos
  8 orcs (D:3)
  2 giant cockroaches
  11 goblins
  10 hobgoblins
  5 jackals
  2 kobolds (D:3)
  4 quokkas
  5 bats
  5 frilled lizards
  2 rats
75 creatures vanquished.

Notes
Turn   | Place    | Note
-------+----------+-------------------------------------------
     0 | Abyss:1  | 1player the Formicid Abyssal Knight began the quest for the
                  | Orb.
     0 | Abyss:1  | Reached XP level 1. HP: 18/18 MP: 2/2
    50 | Abyss:1  | Noticed a wretched star
    51 | D:1      | Escaped the Abyss
   202 | D:1      | Reached skill level 1 in Dodging
   348 | D:1      | Reached XP level 2. HP: 9/24 MP: 3/3
  1284 | D:2      | Reached XP level 3. HP: 29/29 MP: 4/4
  1541 | D:2      | Reached * piety under Lugonu
  2125 | D:2      | Found a faded altar of an unknown god.
  2224 | D:2      | Reached XP level 4. HP: 37/37 MP: 5/5
  2663 | D:3      | Reached skill level 4 in Fighting
  2843 | D:3      | Reached XP level 5. HP: 31/42 MP: 6/6
  3376 | D:3      | Reached XP level 6. HP: 49/49 MP: 6/8
  3401 | D:3      | Found an iron altar of Okawaru.
  4278 | D:4      | Noticed Edmund
  4465 | D:4      | Reached skill level 5 in Fighting
  4537 | D:4      | Noticed Robin
  4626 | D:3      | Killed Robin
  4627 | D:3      | Reached ** piety under Lugonu
  4775 | D:3      | Slain by Edmund

Illustrated notes

Levels and vault maps discovered:
D:1:      psy_arrival_basics, layout_basic
D:2:      layout_basic, chequers_ecumenical_altar_island
D:3:      layout_basic, kennysheep_okawaru_gauntlet
D:4:      layout_cave_pools, uniq_robin, uniq_edmund

Skill      XL: |  1  2  3  4  5  6 |
---------------+-------------------+-----
Dodging        | 1 |  1.6
Maces & Flails | 3 4 |  4.1
Fighting       | 4 5 |  5.0
Armour         | 3 |  3.4
Invocations    | 3 |  3.5

Action                   |  1- 3 |  4- 6 || total
-------------------------+-------+-------++-------
Melee: Mace              |    94 |     6 ||   100
       Hand axe          |       |   131 ||   131
Throw: Dart              |       |     3 ||     3
Invok: Depart the Abyss  |     1 |       ||     1
  Use: Scroll            |     1 |     1 ||     2
Armor: Leather armour    |    40 |     1 ||    41
       Ring mail         |       |    68 ||    68
Dodge: Dodged            |    76 |   108 ||   184

Table legend: (Time is in decaauts)
 A = Elapsed time spent in this place.
 B = Non-inter-level travel time spent in this place.
 C = Inter-level travel time spent in this place.
 D = Time resting spent in this place.
 E = Time spent auto-exploring this place.
 F = Levels seen in this place.
 G = Mean time per level.
                   A        B        C        D        E       F      G
               +--------+--------+--------+--------+--------+-----+--------+
         Total |   4839 |   4694 |    145 |   1746 |   1400 |   5 |  967.8 |
       Dungeon |   4788 |   4643 |    145 |   1746 |   1361 |   4 | 1197.0 |
         Abyss |     51 |     51 |      0 |      0 |     39 |   1 |   51.0 |
               +--------+--------+--------+--------+--------+-----+--------+

Top non-repeatable levels by time:
     D:3: 1958 daAuts
     D:1: 1341 daAuts
     D:2: 1133 daAuts
     D:4: 354 daAuts
 Abyss:1: 51 daAuts
